Workbook
Name PRIMERCONTRATO: #REF!
Name PRIMERCONTRATO: #REF!
Name SOLOCONTRATOS: OFFSET(#REF!,#REF!-1,0,#REF!,1)
Name SOLOCONTRATOS: OFFSET(#REF!,#REF!-1,0,#REF!,1)
Name SOLOPROGRAMAS: OFFSET(#REF!,0,0,COUNTA(#REF!)-1,1)
Name SOLOPROGRAMAS: OFFSET(#REF!,0,0,COUNTA(#REF!)-1,1)

Sheet Formulario
A1: ANEXO II E
AK4: ERROR
A5: 1.- Datos del interesado
A7: NIF / NIE | C7: Razón social/Nombre
A9: 2.- Especialidades Formativas Solicitadas:
D11: TOTAL SOLICITADO | K11: =SUM(K13:K3979) -> 0
A12: Orden Prioridad | B12: Código de la especialidad | C12: Denominación de la Especialidad | E12: Importe Especialidad | F12: Número Ediciones | G12: Control | H12: especialidad | I12: version | J12: modalidad | K12: TOTAL SOLICITADO
A13: 1 | C13: =IFERROR(VLOOKUP(B13,Especialidades!A$1:H$6224,3,FALSE),"") | E13: =IFERROR(VLOOKUP(B13,Especialidades!A$1:H$6224,4,FALSE),"") | G13: =SUMIF(B:B, B13,F:F) -> 0 | H13: =IFERROR(VLOOKUP(B13,Especialidades!A$1:H$6224,6,FALSE),"") | I13: =IFERROR(VLOOKUP(B13,Especialidades!A$1:H$6224,7,FALSE),"") | J13: =IFERROR(VLOOKUP(B13,Especialidades!A$1:H$6224,5,FALSE),"") | K13: =IFERROR(E13*F13,"")
A14: =IF(ISBLANK(B13),"",+A13+1) | C14: =IFERROR(VLOOKUP(B14,Especialidades!A$1:H$6224,3,FALSE),"") | E14: =IFERROR(VLOOKUP(B14,Especialidades!A$1:H$6224,4,FALSE),"") | G14: =SUMIF(B:B, B14,F:F) -> 0 | H14: =IFERROR(VLOOKUP(B14,Especialidades!A$1:H$6224,6,FALSE),"") | I14: =IFERROR(VLOOKUP(B14,Especialidades!A$1:H$6224,7,FALSE),"") | J14: =IFERROR(VLOOKUP(B14,Especialidades!A$1:H$6224,5,FALSE),"") | K14: =IFERROR(E14*F14,"")
A15: =IF(ISBLANK(B14),"",+A14+1) | C15: =IFERROR(VLOOKUP(B15,Especialidades!A$1:H$6224,3,FALSE),"") | E15: =IFERROR(VLOOKUP(B15,Especialidades!A$1:H$6224,4,FALSE),"") | G15: =SUMIF(B:B, B15,F:F) -> 0 | H15: =IFERROR(VLOOKUP(B15,Especialidades!A$1:H$6224,6,FALSE),"") | I15: =IFERROR(VLOOKUP(B15,Especialidades!A$1:H$6224,7,FALSE),"") | J15: =IFERROR(VLOOKUP(B15,Especialidades!A$1:H$6224,5,FALSE),"") | K15: =IFERROR(E15*F15,"")
A16: =IF(ISBLANK(B15),"",+A15+1) | C16: =IFERROR(VLOOKUP(B16,Especialidades!A$1:H$6224,3,FALSE),"") | E16: =IFERROR(VLOOKUP(B16,Especialidades!A$1:H$6224,4,FALSE),"") | G16: =SUMIF(B:B, B16,F:F) -> 0 | H16: =IFERROR(VLOOKUP(B16,Especialidades!A$1:H$6224,6,FALSE),"") | I16: =IFERROR(VLOOKUP(B16,Especialidades!A$1:H$6224,7,FALSE),"") | J16: =IFERROR(VLOOKUP(B16,Especialidades!A$1:H$6224,5,FALSE),"") | K16: =IFERROR(E16*F16,"")
A17: =IF(ISBLANK(B16),"",+A16+1) | C17: =IFERROR(VLOOKUP(B17,Especialidades!A$1:H$6224,3,FALSE),"") | E17: =IFERROR(VLOOKUP(B17,Especialidades!A$1:H$6224,4,FALSE),"") | G17: =SUMIF(B:B, B17,F:F) -> 0 | H17: =IFERROR(VLOOKUP(B17,Especialidades!A$1:H$6224,6,FALSE),"") | I17: =IFERROR(VLOOKUP(B17,Especialidades!A$1:H$6224,7,FALSE),"") | J17: =IFERROR(VLOOKUP(B17,Especialidades!A$1:H$6224,5,FALSE),"") | K17: =IFERROR(E17*F17,"")
A18: =IF(ISBLANK(B17),"",+A17+1) | C18: =IFERROR(VLOOKUP(B18,Especialidades!A$1:H$6224,3,FALSE),"") | E18: =IFERROR(VLOOKUP(B18,Especialidades!A$1:H$6224,4,FALSE),"") | G18: =SUMIF(B:B, B18,F:F) -> 0 | H18: =IFERROR(VLOOKUP(B18,Especialidades!A$1:H$6224,6,FALSE),"") | I18: =IFERROR(VLOOKUP(B18,Especialidades!A$1:H$6224,7,FALSE),"") | J18: =IFERROR(VLOOKUP(B18,Especialidades!A$1:H$6224,5,FALSE),"") | K18: =IFERROR(E18*F18,"")
A19: =IF(ISBLANK(B18),"",+A18+1) | C19: =IFERROR(VLOOKUP(B19,Especialidades!A$1:H$6224,3,FALSE),"") | E19: =IFERROR(VLOOKUP(B19,Especialidades!A$1:H$6224,4,FALSE),"") | G19: =SUMIF(B:B, B19,F:F) -> 0 | H19: =IFERROR(VLOOKUP(B19,Especialidades!A$1:H$6224,6,FALSE),"") | I19: =IFERROR(VLOOKUP(B19,Especialidades!A$1:H$6224,7,FALSE),"") | J19: =IFERROR(VLOOKUP(B19,Especialidades!A$1:H$6224,5,FALSE),"") | K19: =IFERROR(E19*F19,"")
A20: =IF(ISBLANK(B19),"",+A19+1) | C20: =IFERROR(VLOOKUP(B20,Especialidades!A$1:H$6224,3,FALSE),"") | E20: =IFERROR(VLOOKUP(B20,Especialidades!A$1:H$6224,4,FALSE),"") | G20: =SUMIF(B:B, B20,F:F) -> 0 | H20: =IFERROR(VLOOKUP(B20,Especialidades!A$1:H$6224,6,FALSE),"") | I20: =IFERROR(VLOOKUP(B20,Especialidades!A$1:H$6224,7,FALSE),"") | J20: =IFERROR(VLOOKUP(B20,Especialidades!A$1:H$6224,5,FALSE),"") | K20: =IFERROR(E20*F20,"")
A21: =IF(ISBLANK(B20),"",+A20+1) | C21: =IFERROR(VLOOKUP(B21,Especialidades!A$1:H$6224,3,FALSE),"") | E21: =IFERROR(VLOOKUP(B21,Especialidades!A$1:H$6224,4,FALSE),"") | G21: =SUMIF(B:B, B21,F:F) -> 0 | H21: =IFERROR(VLOOKUP(B21,Especialidades!A$1:H$6224,6,FALSE),"") | I21: =IFERROR(VLOOKUP(B21,Especialidades!A$1:H$6224,7,FALSE),"") | J21: =IFERROR(VLOOKUP(B21,Especialidades!A$1:H$6224,5,FALSE),"") | K21: =IFERROR(E21*F21,"")
A22: =IF(ISBLANK(B21),"",+A21+1) | C22: =IFERROR(VLOOKUP(B22,Especialidades!A$1:H$6224,3,FALSE),"") | E22: =IFERROR(VLOOKUP(B22,Especialidades!A$1:H$6224,4,FALSE),"") | G22: =SUMIF(B:B, B22,F:F) -> 0 | H22: =IFERROR(VLOOKUP(B22,Especialidades!A$1:H$6224,6,FALSE),"") | I22: =IFERROR(VLOOKUP(B22,Especialidades!A$1:H$6224,7,FALSE),"") | J22: =IFERROR(VLOOKUP(B22,Especialidades!A$1:H$6224,5,FALSE),"") | K22: =IFERROR(E22*F22,"")
A23: =IF(ISBLANK(B22),"",+A22+1) | C23: =IFERROR(VLOOKUP(B23,Especialidades!A$1:H$6224,3,FALSE),"") | E23: =IFERROR(VLOOKUP(B23,Especialidades!A$1:H$6224,4,FALSE),"") | G23: =SUMIF(B:B, B23,F:F) -> 0 | H23: =IFERROR(VLOOKUP(B23,Especialidades!A$1:H$6224,6,FALSE),"") | I23: =IFERROR(VLOOKUP(B23,Especialidades!A$1:H$6224,7,FALSE),"") | J23: =IFERROR(VLOOKUP(B23,Especialidades!A$1:H$6224,5,FALSE),"") | K23: =IFERROR(E23*F23,"")
A24: =IF(ISBLANK(B23),"",+A23+1) | C24: =IFERROR(VLOOKUP(B24,Especialidades!A$1:H$6224,3,FALSE),"") | E24: =IFERROR(VLOOKUP(B24,Especialidades!A$1:H$6224,4,FALSE),"") | G24: =SUMIF(B:B, B24,F:F) -> 0 | H24: =IFERROR(VLOOKUP(B24,Especialidades!A$1:H$6224,6,FALSE),"") | I24: =IFERROR(VLOOKUP(B24,Especialidades!A$1:H$6224,7,FALSE),"") | J24: =IFERROR(VLOOKUP(B24,Especialidades!A$1:H$6224,5,FALSE),"") | K24: =IFERROR(E24*F24,"")
A25: =IF(ISBLANK(B24),"",+A24+1) | C25: =IFERROR(VLOOKUP(B25,Especialidades!A$1:H$6224,3,FALSE),"") | E25: =IFERROR(VLOOKUP(B25,Especialidades!A$1:H$6224,4,FALSE),"") | G25: =SUMIF(B:B, B25,F:F) -> 0 | H25: =IFERROR(VLOOKUP(B25,Especialidades!A$1:H$6224,6,FALSE),"") | I25: =IFERROR(VLOOKUP(B25,Especialidades!A$1:H$6224,7,FALSE),"") | J25: =IFERROR(VLOOKUP(B25,Especialidades!A$1:H$6224,5,FALSE),"") | K25: =IFERROR(E25*F25,"")
... A3979: =IF(ISBLANK(B3978),"",+A3978+1) | C3979: =IFERROR(VLOOKUP(B3979,Especialidades!A$1:H$6224,3,FALSE),"") | E3979: =IFERROR(VLOOKUP(B3979,Especialidades!A$1:H$6224,4,FALSE),"") | G3979: =SUMIF(B:B, B3979,F:F) -> 0 | H3979: =IFERROR(VLOOKUP(B3979,Especialidades!A$1:H$6224,6,FALSE),"") | I3979: =IFERROR(VLOOKUP(B3979,Especialidades!A$1:H$6224,7,FALSE),"") | J3979: =IFERROR(VLOOKUP(B3979,Especialidades!A$1:H$6224,5,FALSE),"") | K3979: =IFERROR(E3979*F3979,"")

Sheet Instrucciones
A4: El campo orden de prioridad se completará automáticamente, y constituirá el orden de prelación en la petición de las especialidades.
A5: El código de especialidad se seleccionará del desplegable disponible para cada celda y automáticamente se rellenará el campo de Denominación de la Especialidad. Para cada especialidad se completará la modalidad de impartición y el número de ediciones que se solicitan, siendo 4 el máximo de ediciones que se pueden solicitar por modalidad.
A8: ESTE DOCUMENTO DEBERÁ PRESENTARSE EN FORMATO EXCEL Y UNA COPIA EN FORMATO PDF FIRMADO POR EL/LOS REPRESENTANTE/S

Sheet F_Datos
A1: NIF | B1: Razon social | C1: Prioridad | D1: EspecialidadVersionModalidad | E1: Cd Espe | F1: Version | G1: Modalidad | H1: Denominación | I1: Ediciones 2026
A2: =Formulario!$B$7 -> 0 | B2: =Formulario!$D$7 -> 0 | C2: =Formulario!A13 -> 1 | D2: =Formulario!B13 -> 0 | E2: =Formulario!H13 | F2: =Formulario!I13 | G2: =Formulario!J13 | H2: =Formulario!C13 | I2: =Formulario!F13 -> 0
A3: =Formulario!$B$7 -> 0 | B3: =Formulario!$D$7 -> 0 | C3: =Formulario!A14 | D3: =Formulario!B14 -> 0 | E3: =Formulario!H14 | F3: =Formulario!I14 | G3: =Formulario!J14 | H3: =Formulario!C14 | I3: =Formulario!F14 -> 0
A4: =Formulario!$B$7 -> 0 | B4: =Formulario!$D$7 -> 0 | C4: =Formulario!A15 | D4: =Formulario!B15 -> 0 | E4: =Formulario!H15 | F4: =Formulario!I15 | G4: =Formulario!J15 | H4: =Formulario!C15 | I4: =Formulario!F15 -> 0
A5: =Formulario!$B$7 -> 0 | B5: =Formulario!$D$7 -> 0 | C5: =Formulario!A16 | D5: =Formulario!B16 -> 0 | E5: =Formulario!H16 | F5: =Formulario!I16 | G5: =Formulario!J16 | H5: =Formulario!C16 | I5: =Formulario!F16 -> 0
A6: =Formulario!$B$7 -> 0 | B6: =Formulario!$D$7 -> 0 | C6: =Formulario!A17 | D6: =Formulario!B17 -> 0 | E6: =Formulario!H17 | F6: =Formulario!I17 | G6: =Formulario!J17 | H6: =Formulario!C17 | I6: =Formulario!F17 -> 0
A7: =Formulario!$B$7 -> 0 | B7: =Formulario!$D$7 -> 0 | C7: =Formulario!A18 | D7: =Formulario!B18 -> 0 | E7: =Formulario!H18 | F7: =Formulario!I18 | G7: =Formulario!J18 | H7: =Formulario!C18 | I7: =Formulario!F18 -> 0
A8: =Formulario!$B$7 -> 0 | B8: =Formulario!$D$7 -> 0 | C8: =Formulario!A19 | D8: =Formulario!B19 -> 0 | E8: =Formulario!H19 | F8: =Formulario!I19 | G8: =Formulario!J19 | H8: =Formulario!C19 | I8: =Formulario!F19 -> 0
A9: =Formulario!$B$7 -> 0 | B9: =Formulario!$D$7 -> 0 | C9: =Formulario!A20 | D9: =Formulario!B20 -> 0 | E9: =Formulario!H20 | F9: =Formulario!I20 | G9: =Formulario!J20 | H9: =Formulario!C20 | I9: =Formulario!F20 -> 0
A10: =Formulario!$B$7 -> 0 | B10: =Formulario!$D$7 -> 0 | C10: =Formulario!A21 | D10: =Formulario!B21 -> 0 | E10: =Formulario!H21 | F10: =Formulario!I21 | G10: =Formulario!J21 | H10: =Formulario!C21 | I10: =Formulario!F21 -> 0
A11: =Formulario!$B$7 -> 0 | B11: =Formulario!$D$7 -> 0 | C11: =Formulario!A22 | D11: =Formulario!B22 -> 0 | E11: =Formulario!H22 | F11: =Formulario!I22 | G11: =Formulario!J22 | H11: =Formulario!C22 | I11: =Formulario!F22 -> 0
A12: =Formulario!$B$7 -> 0 | B12: =Formulario!$D$7 -> 0 | C12: =Formulario!A23 | D12: =Formulario!B23 -> 0 | E12: =Formulario!H23 | F12: =Formulario!I23 | G12: =Formulario!J23 | H12: =Formulario!C23 | I12: =Formulario!F23 -> 0
A13: =Formulario!$B$7 -> 0 | B13: =Formulario!$D$7 -> 0 | C13: =Formulario!A24 | D13: =Formulario!B24 -> 0 | E13: =Formulario!H24 | F13: =Formulario!I24 | G13: =Formulario!J24 | H13: =Formulario!C24 | I13: =Formulario!F24 -> 0
... A4337: =Formulario!$B$7 -> 0 | B4337: =Formulario!$D$7 -> 0 | C4337: =Formulario!A4348 -> 0 | D4337: =Formulario!B4348 -> 0 | E4337: =Formulario!H4348 -> 0 | F4337: =Formulario!I4348 -> 0 | G4337: =Formulario!J4348 -> 0 | H4337: =Formulario!C4348 -> 0 | I4337: =Formulario!F4348 -> 0

Sheet Especialidades
A1: =F1&"-"&E1 -> ADGD0002_1-PRESENCIAL | B1: ADGD0002 | C1: GESTIÓN Y DESARROLLO DE PROYECTOS DE ECONOMÍA AZUL | D1: 41100 | E1: PRESENCIAL | F1: ADGD0002_1 | G1: 1 | H1: Línea 1 | I1: 250 | J1: 3
A2: =F2&"-"&E2 -> ADGD0002_1-VIRTUAL (TELEFORMACIÓN) | B2: ADGD0002 | C2: GESTIÓN Y DESARROLLO DE PROYECTOS DE ECONOMÍA AZUL | D2: 23775 | E2: VIRTUAL (TELEFORMACIÓN) | F2: ADGD0002_1 | G2: 1 | H2: Línea 1 | I2: 250 | J2: 3
A3: =F3&"-"&E3 -> ADGD0003_1-PRESENCIAL | B3: ADGD0003 | C3: DIRIGIR EQUIPOS DE TRABAJO EN ENTORNOS VIRTUALES | D3: 4932 | E3: PRESENCIAL | F3: ADGD0003_1 | G3: 1 | H3: Línea 1 | I3: 30 | J3: 1
A4: =F4&"-"&E4 -> ADGD0003_1-VIRTUAL (TELEFORMACIÓN) | B4: ADGD0003 | C4: DIRIGIR EQUIPOS DE TRABAJO EN ENTORNOS VIRTUALES | D4: 2853 | E4: VIRTUAL (TELEFORMACIÓN) | F4: ADGD0003_1 | G4: 1 | H4: Línea 1 | I4: 30 | J4: 1
A5: =F5&"-"&E5 -> ADGD0005_1-PRESENCIAL | B5: ADGD0005 | C5: EMPRENDER EN RESTAURACIÓN | D5: 8220 | E5: PRESENCIAL | F5: ADGD0005_1 | G5: 1 | H5: Línea 1 | I5: 50 | J5: 1
A6: =F6&"-"&E6 -> ADGD0005_1-VIRTUAL (TELEFORMACIÓN) | B6: ADGD0005 | C6: EMPRENDER EN RESTAURACIÓN | D6: 4755 | E6: VIRTUAL (TELEFORMACIÓN) | F6: ADGD0005_1 | G6: 1 | H6: Línea 1 | I6: 50 | J6: 1
A7: =F7&"-"&E7 -> ADGD0006_1-PRESENCIAL | B7: ADGD0006 | C7: SISTEMAS DE GESTIÓN MEDIOAMBIENTAL: ISO 14001 | D7: 9864 | E7: PRESENCIAL | F7: ADGD0006_1 | G7: 1 | H7: Línea 1 | I7: 60 | J7: 1
A8: =F8&"-"&E8 -> ADGD0006_1-VIRTUAL (TELEFORMACIÓN) | B8: ADGD0006 | C8: SISTEMAS DE GESTIÓN MEDIOAMBIENTAL: ISO 14001 | D8: 5706 | E8: VIRTUAL (TELEFORMACIÓN) | F8: ADGD0006_1 | G8: 1 | H8: Línea 1 | I8: 60 | J8: 1
A9: =F9&"-"&E9 -> ADGD0007_1-PRESENCIAL | B9: ADGD0007 | C9: PYME SALUDABLE | D9: 8220 | E9: PRESENCIAL | F9: ADGD0007_1 | G9: 1 | H9: Línea 1 | I9: 50 | J9: 3
A10: =F10&"-"&E10 -> ADGD0007_1-VIRTUAL (TELEFORMACIÓN) | B10: ADGD0007 | C10: PYME SALUDABLE | D10: 4755 | E10: VIRTUAL (TELEFORMACIÓN) | F10: ADGD0007_1 | G10: 1 | H10: Línea 1 | I10: 50 | J10: 3
A11: =F11&"-"&E11 -> ADGD0012_1-PRESENCIAL | B11: ADGD0012 | C11: ESPECIALIZACIÓN EN ASESORAMIENTO FISCAL. NIVEL I | D11: 7233.6 | E11: PRESENCIAL | F11: ADGD0012_1 | G11: 1 | H11: Línea 1 | I11: 44 | J11: 3
A12: =F12&"-"&E12 -> ADGD0012_1-VIRTUAL (TELEFORMACIÓN) | B12: ADGD0012 | C12: ESPECIALIZACIÓN EN ASESORAMIENTO FISCAL. NIVEL I | D12: 4184.4 | E12: VIRTUAL (TELEFORMACIÓN) | F12: ADGD0012_1 | G12: 1 | H12: Línea 1 | I12: 44 | J12: 3
... A18: =F18&"-"&E18 -> ADGD0019_1-VIRTUAL (TELEFORMACIÓN) | B18: ADGD0019 | C18: ESPECIALIZACIÓN DEL SISTEMA DE LA SEGURIDAD SOCIAL | D18: 3804 | E18: VIRTUAL (TELEFORMACIÓN) | F18: ADGD0019_1 | G18: 1 | H18: Línea 1 | I18: 40 | J18: 3
A19: =F19&"-"&E19 -> ADGD001PO1-PRESENCIAL | B19: ADGD001PO | C19: 6 SIGMA. HERRAMIENTAS DE SEGURIDAD, EFICIENCIA Y PRODUCTIVIDAD | D19: 9729 | E19: PRESENCIAL | F19: ADGD001PO1 | G19: 1 | H19: Línea 1 | I19: 60
A20: =F20&"-"&E20 -> ADGD001PO1-VIRTUAL (TELEFORMACIÓN) | B20: ADGD001PO | C20: 6 SIGMA. HERRAMIENTAS DE SEGURIDAD, EFICIENCIA Y PRODUCTIVIDAD | D20: 5616 | E20: VIRTUAL (TELEFORMACIÓN) | F20: ADGD001PO1 | G20: 1 | H20: Línea 1 | I20: 60
A21: =F21&"-"&E21 -> ADGD0026_1-PRESENCIAL | B21: ADGD0026 | C21: GESTIÓN DE TESORERÍA | D21: 6576 | E21: PRESENCIAL | F21: ADGD0026_1 | G21: 1 | H21: Línea 1 | I21: 40 | J21: 2
A22: =F22&"-"&E22 -> ADGD0026_1-VIRTUAL (TELEFORMACIÓN) | B22: ADGD0026 | C22: GESTIÓN DE TESORERÍA | D22: 3804 | E22: VIRTUAL (TELEFORMACIÓN) | F22: ADGD0026_1 | G22: 1 | H22: Línea 1 | I22: 40 | J22: 2
A23: =F23&"-"&E23 -> ADGD0027_1-PRESENCIAL | B23: ADGD0027 | C23: NÓMINAS Y SEGURIDAD SOCIAL II | D23: 4932 | E23: PRESENCIAL | F23: ADGD0027_1 | G23: 1 | H23: Línea 1 | I23: 30 | J23: 2
A24: =F24&"-"&E24 -> ADGD0027_1-VIRTUAL (TELEFORMACIÓN) | B24: ADGD0027 | C24: NÓMINAS Y SEGURIDAD SOCIAL II | D24: 2853 | E24: VIRTUAL (TELEFORMACIÓN) | F24: ADGD0027_1 | G24: 1 | H24: Línea 1 | I24: 30 | J24: 2
A25: =F25&"-"&E25 -> ADGD0028_1-PRESENCIAL | B25: ADGD0028 | C25: SISTEMA DE CONTROL DE GESTIÓN EN LA EMPRESA | D25: 6576 | E25: PRESENCIAL | F25: ADGD0028_1 | G25: 1 | H25: Línea 1 | I25: 40 | J25: 3
A26: =F26&"-"&E26 -> ADGD0028_1-VIRTUAL (TELEFORMACIÓN) | B26: ADGD0028 | C26: SISTEMA DE CONTROL DE GESTIÓN EN LA EMPRESA | D26: 3804 | E26: VIRTUAL (TELEFORMACIÓN) | F26: ADGD0028_1 | G26: 1 | H26: Línea 1 | I26: 40 | J26: 3
A27: =F27&"-"&E27 -> ADGD0029_1-PRESENCIAL | B27: ADGD0029 | C27: ESPECIALIZACIÓN PRÁCTICA PROCESAL LABORAL. NIVEL BÁSICO | D27: 7233.6 | E27: PRESENCIAL | F27: ADGD0029_1 | G27: 1 | H27: Línea 1 | I27: 44 | J27: 3
A28: =F28&"-"&E28 -> ADGD0029_1-VIRTUAL (TELEFORMACIÓN) | B28: ADGD0029 | C28: ESPECIALIZACIÓN PRÁCTICA PROCESAL LABORAL. NIVEL BÁSICO | D28: 4184.4 | E28: VIRTUAL (TELEFORMACIÓN) | F28: ADGD0029_1 | G28: 1 | H28: Línea 1 | I28: 44 | J28: 3
A29: =F29&"-"&E29 -> ADGD0031_1-PRESENCIAL | B29: ADGD0031 | C29: GESTIÓN DE RECURSOS HUMANOS | D29: 9864 | E29: PRESENCIAL | F29: ADGD0031_1 | G29: 1 | H29: Línea 1 | I29: 60 | J29: 2
A30: =F30&"-"&E30 -> ADGD0031_1-VIRTUAL (TELEFORMACIÓN) | B30: ADGD0031 | C30: GESTIÓN DE RECURSOS HUMANOS | D30: 5706 | E30: VIRTUAL (TELEFORMACIÓN) | F30: ADGD0031_1 | G30: 1 | H30: Línea 1 | I30: 60 | J30: 2
A31: =F31&"-"&E31 -> ADGD0032_1-PRESENCIAL | B31: ADGD0032 | C31: GESTIÓN CONTABLE, FISCAL Y LABORAL | D31: 55896 | E31: PRESENCIAL | F31: ADGD0032_1 | G31: 1 | H31: Línea 1 | I31: 340 | J31: 2
A32: =F32&"-"&E32 -> ADGD0032_1-VIRTUAL (TELEFORMACIÓN) | B32: ADGD0032 | C32: GESTIÓN CONTABLE, FISCAL Y LABORAL | D32: 32334 | E32: VIRTUAL (TELEFORMACIÓN) | F32: ADGD0032_1 | G32: 1 | H32: Línea 1 | I32: 340 | J32: 2
... A34: =F34&"-"&E34 -> ADGD0034_1-VIRTUAL (TELEFORMACIÓN) | B34: ADGD0034 | C34: ESPECIALIZACIÓN DERECHO LABORAL | D34: 4184.4 | E34: VIRTUAL (TELEFORMACIÓN) | F34: ADGD0034_1 | G34: 1 | H34: Línea 1 | I34: 44 | J34: 3
A35: =F35&"-"&E35 -> ADGD003PO1-PRESENCIAL | B35: ADGD003PO | C35: ACOGIDA DEL VENDEDOR EN GRANDES ALMACENES | D35: 6390 | E35: PRESENCIAL | F35: ADGD003PO1 | G35: 1 | H35: Línea 1 | I35: 40
A36: =F36&"-"&E36 -> ADGD0040_1-PRESENCIAL | B36: ADGD0040 | C36: GESTIÓN FISCAL DE LA EMPRESA | D36: 6576 | E36: PRESENCIAL | F36: ADGD0040_1 | G36: 1 | H36: Línea 1 | I36: 40 | J36: 2
A37: =F37&"-"&E37 -> ADGD0040_1-VIRTUAL (TELEFORMACIÓN) | B37: ADGD0040 | C37: GESTIÓN FISCAL DE LA EMPRESA | D37: 3804 | E37: VIRTUAL (TELEFORMACIÓN) | F37: ADGD0040_1 | G37: 1 | H37: Línea 1 | I37: 40 | J37: 2
A38: =F38&"-"&E38 -> ADGD0042_1-PRESENCIAL | B38: ADGD0042 | C38: ANÁLISIS DE BALANCES | D38: 8220 | E38: PRESENCIAL | F38: ADGD0042_1 | G38: 1 | H38: Línea 1 | I38: 50 | J38: 2
A39: =F39&"-"&E39 -> ADGD0042_1-VIRTUAL (TELEFORMACIÓN) | B39: ADGD0042 | C39: ANÁLISIS DE BALANCES | D39: 4755 | E39: VIRTUAL (TELEFORMACIÓN) | F39: ADGD0042_1 | G39: 1 | H39: Línea 1 | I39: 50 | J39: 2
A40: =F40&"-"&E40 -> ADGD0046_1-PRESENCIAL | B40: ADGD0046 | C40: CONTABILIDAD INFORMATIZADA | D40: 6576 | E40: PRESENCIAL | F40: ADGD0046_1 | G40: 1 | H40: Línea 1 | I40: 40 | J40: 2
A41: =F41&"-"&E41 -> ADGD0046_1-VIRTUAL (TELEFORMACIÓN) | B41: ADGD0046 | C41: CONTABILIDAD INFORMATIZADA | D41: 3804 | E41: VIRTUAL (TELEFORMACIÓN) | F41: ADGD0046_1 | G41: 1 | H41: Línea 1 | I41: 40 | J41: 2
A42: =F42&"-"&E42 -> ADGD0058_1-PRESENCIAL | B42: ADGD0058 | C42: GESTIÓN DE SECCIONES DE CRÉDITO DE COOPERATIVAS AGRARIAS | D42: 8220 | E42: PRESENCIAL | F42: ADGD0058_1 | G42: 1 | H42: Línea 1 | I42: 50 | J42: 2
A43: =F43&"-"&E43 -> ADGD0058_1-VIRTUAL (TELEFORMACIÓN) | B43: ADGD0058 | C43: GESTIÓN DE SECCIONES DE CRÉDITO DE COOPERATIVAS AGRARIAS | D43: 4755 | E43: VIRTUAL (TELEFORMACIÓN) | F43: ADGD0058_1 | G43: 1 | H43: Línea 1 | I43: 50 | J43: 2
A44: =F44&"-"&E44 -> ADGD0059_1-PRESENCIAL | B44: ADGD0059 | C44: GESTIÓN EMPRESARIAL PARA PERSONAS TRABAJADORAS AUTÓNOMAS | D44: 4932 | E44: PRESENCIAL | F44: ADGD0059_1 | G44: 1 | H44: Línea 1 | I44: 30 | J44: 2
A45: =F45&"-"&E45 -> ADGD0059_1-VIRTUAL (TELEFORMACIÓN) | B45: ADGD0059 | C45: GESTIÓN EMPRESARIAL PARA PERSONAS TRABAJADORAS AUTÓNOMAS | D45: 2853 | E45: VIRTUAL (TELEFORMACIÓN) | F45: ADGD0059_1 | G45: 1 | H45: Línea 1 | I45: 30 | J45: 2
A46: =F46&"-"&E46 -> ADGD005PO1-PRESENCIAL | B46: ADGD005PO | C46: ADJUNTO A LA DIRECCION | D46: 6390 | E46: PRESENCIAL | F46: ADGD005PO1 | G46: 1 | H46: Línea 1 | I46: 40
A47: =F47&"-"&E47 -> ADGD005PO1-VIRTUAL (TELEFORMACIÓN) | B47: ADGD005PO | C47: ADJUNTO A LA DIRECCION | D47: 3684 | E47: VIRTUAL (TELEFORMACIÓN) | F47: ADGD005PO1 | G47: 1 | H47: Línea 1 | I47: 40
A48: =F48&"-"&E48 -> ADGD0060_1-PRESENCIAL | B48: ADGD0060 | C48: ESPECIALIZACIÓN PRÁCTICA PROCESAL LABORAL. NIVEL AVANZADO | D48: 5918.4 | E48: PRESENCIAL | F48: ADGD0060_1 | G48: 1 | H48: Línea 1 | I48: 36 | J48: 3
A49: =F49&"-"&E49 -> ADGD0060_1-VIRTUAL (TELEFORMACIÓN) | B49: ADGD0060 | C49: ESPECIALIZACIÓN PRÁCTICA PROCESAL LABORAL. NIVEL AVANZADO | D49: 3423.6 | E49: VIRTUAL (TELEFORMACIÓN) | F49: ADGD0060_1 | G49: 1 | H49: Línea 1 | I49: 36 | J49: 3
A50: =F50&"-"&E50 -> ADGD0061_1-PRESENCIAL | B50: ADGD0061 | C50: CONTABILIDAD BÁSICA | D50: 9864 | E50: PRESENCIAL | F50: ADGD0061_1 | G50: 1 | H50: Línea 1 | I50: 60 | J50: 2
A51: =F51&"-"&E51 -> ADGD0061_1-VIRTUAL (TELEFORMACIÓN) | B51: ADGD0061 | C51: CONTABILIDAD BÁSICA | D51: 5706 | E51: VIRTUAL (TELEFORMACIÓN) | F51: ADGD0061_1 | G51: 1 | H51: Línea 1 | I51: 60 | J51: 2
A52: =F52&"-"&E52 -> ADGD0064_1-PRESENCIAL | B52: ADGD0064 | C52: CONTABILIDAD AVANZADA | D52: 9864 | E52: PRESENCIAL | F52: ADGD0064_1 | G52: 1 | H52: Línea 1 | I52: 60 | J52: 2
A53: =F53&"-"&E53 -> ADGD0064_1-VIRTUAL (TELEFORMACIÓN) | B53: ADGD0064 | C53: CONTABILIDAD AVANZADA | D53: 5706 | E53: VIRTUAL (TELEFORMACIÓN) | F53: ADGD0064_1 | G53: 1 | H53: Línea 1 | I53: 60 | J53: 2
A54: =F54&"-"&E54 -> ADGD0065_1-PRESENCIAL | B54: ADGD0065 | C54: GESTIÓN AGIL DE PROCESOS ADMINISTRATIVOS Y DE RECURSOS HUMANOS | D54: 49320 | E54: PRESENCIAL | F54: ADGD0065_1 | G54: 1 | H54: Línea 1 | I54: 300 | J54: 2
A55: =F55&"-"&E55 -> ADGD0068_1-PRESENCIAL | B55: ADGD0068 | C55: COMPETENCIAS EMPRENDEDORAS ENFOCADAS A LA REALIZACIÓN DE UN PROYECTO EMPRESARIAL. | D55: 9864 | E55: PRESENCIAL | F55: ADGD0068_1 | G55: 1 | H55: Línea 1 | I55: 60 | J55: 3
A56: =F56&"-"&E56 -> ADGD0071_1-PRESENCIAL | B56: ADGD0071 | C56: NÓMINAS | D56: 8220 | E56: PRESENCIAL | F56: ADGD0071_1 | G56: 1 | H56: Línea 1 | I56: 50 | J56: 2
A57: =F57&"-"&E57 -> ADGD0071_1-VIRTUAL (TELEFORMACIÓN) | B57: ADGD0071 | C57: NÓMINAS | D57: 4755 | E57: VIRTUAL (TELEFORMACIÓN) | F57: ADGD0071_1 | G57: 1 | H57: Línea 1 | I57: 50 | J57: 2
A58: =F58&"-"&E58 -> ADGD0072_1-PRESENCIAL | B58: ADGD0072 | C58: PROTECCIÓN DE DATOS Y GARANTÍA DE LOS DERECHOS DIGITALES | D58: 16440 | E58: PRESENCIAL | F58: ADGD0072_1 | G58: 1 | H58: Línea 1 | I58: 100 | J58: 1
A59: =F59&"-"&E59 -> ADGD0072_1-VIRTUAL (TELEFORMACIÓN) | B59: ADGD0072 | C59: PROTECCIÓN DE DATOS Y GARANTÍA DE LOS DERECHOS DIGITALES | D59: 9510 | E59: VIRTUAL (TELEFORMACIÓN) | F59: ADGD0072_1 | G59: 1 | H59: Línea 1 | I59: 100 | J59: 1
... A90: =F90&"-"&E90 -> ADGD0089_1-VIRTUAL (TELEFORMACIÓN) | B90: ADGD0089 | C90: REGISTRO DE LA PROPIEDAD Y SU PRÁCTICA REGISTRAL. NIVEL BÁSICO. | D90: 5706 | E90: VIRTUAL (TELEFORMACIÓN) | F90: ADGD0089_1 | G90: 1 | H90: Línea 1 | I90: 60 | J90: 2
A91: =F91&"-"&E91 -> ADGD008PO1-PRESENCIAL | B91: ADGD008PO | C91: ANÁLISIS DE PROBLEMAS Y TOMA DE DECISIONES | D91: 4806 | E91: PRESENCIAL | F91: ADGD008PO1 | G91: 1 | H91: Línea 1 | I91: 30
A92: =F92&"-"&E92 -> ADGD008PO1-VIRTUAL (TELEFORMACIÓN) | B92: ADGD008PO | C92: ANÁLISIS DE PROBLEMAS Y TOMA DE DECISIONES | D92: 2772 | E92: VIRTUAL (TELEFORMACIÓN) | F92: ADGD008PO1 | G92: 1 | H92: Línea 1 | I92: 30
A93: =F93&"-"&E93 -> ADGD0090_1-PRESENCIAL | B93: ADGD0090 | C93: INTELIGENCIA ARTIFICIAL APLICADA A LA GESTIÓN DE RECURSOS HUMANOS | D93: 11508 | E93: PRESENCIAL | F93: ADGD0090_1 | G93: 1 | H93: Línea 1 | I93: 70 | J93: 2
A94: =F94&"-"&E94 -> ADGD0090_1-VIRTUAL (TELEFORMACIÓN) | B94: ADGD0090 | C94: INTELIGENCIA ARTIFICIAL APLICADA A LA GESTIÓN DE RECURSOS HUMANOS | D94: 6657 | E94: VIRTUAL (TELEFORMACIÓN) | F94: ADGD0090_1 | G94: 1 | H94: Línea 1 | I94: 70 | J94: 2
A95: =F95&"-"&E95 -> ADGD01_1-PRESENCIAL | B95: ADGD01 | C95: TÉCNICAS DE CALIDAD Y MEJORA CONTINUA EN LA EXCELENCIA EMPRESARIAL | D95: 58522.5 | E95: PRESENCIAL | F95: ADGD01_1 | G95: 1 | H95: Línea 1 | I95: 425 | J95: 3
A96: =F96&"-"&E96 -> ADGD015PO1-PRESENCIAL | B96: ADGD015PO | C96: AUDITORÍA DE SISTEMAS DE GESTIÓN DE LA CALIDAD | D96: 31530 | E96: PRESENCIAL | F96: ADGD015PO1 | G96: 1 | H96: Línea 1 | I96: 200
A97: =F97&"-"&E97 -> ADGD015PO1-VIRTUAL (TELEFORMACIÓN) | B97: ADGD015PO | C97: AUDITORÍA DE SISTEMAS DE GESTIÓN DE LA CALIDAD | D97: 18180 | E97: VIRTUAL (TELEFORMACIÓN) | F97: ADGD015PO1 | G97: 1 | H97: Línea 1 | I97: 200
A98: =F98&"-"&E98 -> ADGD017PO1-PRESENCIAL | B98: ADGD017PO | C98: AUDITORIA INTERNA DE ENTIDADES DE CREDITO | D98: 6516 | E98: PRESENCIAL | F98: ADGD017PO1 | G98: 1 | H98: Línea 1 | I98: 40
A99: =F99&"-"&E99 -> ADGD017PO1-VIRTUAL (TELEFORMACIÓN) | B99: ADGD017PO | C99: AUDITORIA INTERNA DE ENTIDADES DE CREDITO | D99: 3756 | E99: VIRTUAL (TELEFORMACIÓN) | F99: ADGD017PO1 | G99: 1 | H99: Línea 1 | I99: 40
A100: =F100&"-"&E100 -> ADGD02_2-PRESENCIAL | B100: ADGD02 | C100: GESTIÓN FISCAL | D100: 39456 | E100: PRESENCIAL | F100: ADGD02_2 | G100: 2 | H100: Línea 1 | I100: 240 | J100: 3
A101: =F101&"-"&E101 -> ADGD02_2-VIRTUAL (TELEFORMACIÓN) | B101: ADGD02 | C101: GESTIÓN FISCAL | D101: 22824 | E101: VIRTUAL (TELEFORMACIÓN) | F101: ADGD02_2 | G101: 2 | H101: Línea 1 | I101: 240 | J101: 3
A102: =F102&"-"&E102 -> ADGD021PO1-PRESENCIAL | B102: ADGD021PO | C102: FUNDAMENTOS DE LA AUDITORÍA DE CALIDAD | D102: 4806 | E102: PRESENCIAL | F102: ADGD021PO1 | G102: 1 | H102: Línea 1 | I102: 30
A103: =F103&"-"&E103 -> ADGD021PO1-VIRTUAL (TELEFORMACIÓN) | B103: ADGD021PO | C103: FUNDAMENTOS DE LA AUDITORÍA DE CALIDAD | D103: 2772 | E103: VIRTUAL (TELEFORMACIÓN) | F103: ADGD021PO1 | G103: 1 | H103: Línea 1 | I103: 30
A104: =F104&"-"&E104 -> ADGD022PO1-PRESENCIAL | B104: ADGD022PO | C104: BUSINESS STRATEGY. MODELOS DE NEGOCIO Y ESTRATEGIAS STARTUP | D104: 11913.75 | E104: PRESENCIAL | F104: ADGD022PO1 | G104: 1 | H104: Línea 1 | I104: 75
A105: =F105&"-"&E105 -> ADGD022PO1-VIRTUAL (TELEFORMACIÓN) | B105: ADGD022PO | C105: BUSINESS STRATEGY. MODELOS DE NEGOCIO Y ESTRATEGIAS STARTUP | D105: 6873.75 | E105: VIRTUAL (TELEFORMACIÓN) | F105: ADGD022PO1 | G105: 1 | H105: Línea 1 | I105: 75
A106: =F106&"-"&E106 -> ADGD023PO1-PRESENCIAL | B106: ADGD023PO | C106: CALIDAD DE LOS PRODUCTOS BIOTECNOLÓGICOS ORIENTADOS AL SECTOR FARMACÉUTICO | D106: 6516 | E106: PRESENCIAL | F106: ADGD023PO1 | G106: 1 | H106: Línea 1 | I106: 40
A107: =F107&"-"&E107 -> ADGD024PO1-PRESENCIAL | B107: ADGD024PO | C107: SENSIBILIZACIÓN A LA CALIDAD TOTAL: ISO 9000, 9001, 9004 Y EFQM | D107: 9549 | E107: PRESENCIAL | F107: ADGD024PO1 | G107: 1 | H107: Línea 1 | I107: 60
A108: =F108&"-"&E108 -> ADGD024PO1-VIRTUAL (TELEFORMACIÓN) | B108: ADGD024PO | C108: SENSIBILIZACIÓN A LA CALIDAD TOTAL: ISO 9000, 9001, 9004 Y EFQM | D108: 5508 | E108: VIRTUAL (TELEFORMACIÓN) | F108: ADGD024PO1 | G108: 1 | H108: Línea 1 | I108: 60
A109: =F109&"-"&E109 -> ADGD029PO1-PRESENCIAL | B109: ADGD029PO | C109: RENOVACION Y MANTENIMIENTO DE CERTIFICACIONES INTERNACIONALES DE PROJECT MANAGEMENT | D109: 24120 | E109: PRESENCIAL | F109: ADGD029PO1 | G109: 1 | H109: Línea 1 | I109: 150
A110: =F110&"-"&E110 -> ADGD029PO1-VIRTUAL (TELEFORMACIÓN) | B110: ADGD029PO | C110: RENOVACION Y MANTENIMIENTO DE CERTIFICACIONES INTERNACIONALES DE PROJECT MANAGEMENT | D110: 13905 | E110: VIRTUAL (TELEFORMACIÓN) | F110: ADGD029PO1 | G110: 1 | H110: Línea 1 | I110: 150
A111: =F111&"-"&E111 -> ADGD03_1-PRESENCIAL | B111: ADGD03 | C111: GESTION DE LA TRANSPARENCIA EN EL SECTOR PUBLICO Y PRIVADO | D111: 24660 | E111: PRESENCIAL | F111: ADGD03_1 | G111: 1 | H111: Línea 1 | I111: 150 | J111: 3
A112: =F112&"-"&E112 -> ADGD03_1-VIRTUAL (TELEFORMACIÓN) | B112: ADGD03 | C112: GESTION DE LA TRANSPARENCIA EN EL SECTOR PUBLICO Y PRIVADO | D112: 14265 | E112: VIRTUAL (TELEFORMACIÓN) | F112: ADGD03_1 | G112: 1 | H112: Línea 1 | I112: 150 | J112: 3
A113: =F113&"-"&E113 -> ADGD033PO1-PRESENCIAL | B113: ADGD033PO | C113: COACHING: DESARROLLO DE PERSONAS | D113: 6576 | E113: PRESENCIAL | F113: ADGD033PO1 | G113: 1 | H113: Línea 1 | I113: 40
A114: =F114&"-"&E114 -> ADGD033PO1-VIRTUAL (TELEFORMACIÓN) | B114: ADGD033PO | C114: COACHING: DESARROLLO DE PERSONAS | D114: 3804 | E114: VIRTUAL (TELEFORMACIÓN) | F114: ADGD033PO1 | G114: 1 | H114: Línea 1 | I114: 40
A115: =F115&"-"&E115 -> ADGD036PO1-PRESENCIAL | B115: ADGD036PO | C115: EL CONFLICTO: METODOS DE RESOLUCION Y NEGOCIACION EFICAZ | D115: 6648 | E115: PRESENCIAL | F115: ADGD036PO1 | G115: 1 | H115: Línea 1 | I115: 40
A116: =F116&"-"&E116 -> ADGD036PO1-VIRTUAL (TELEFORMACIÓN) | B116: ADGD036PO | C116: EL CONFLICTO: METODOS DE RESOLUCION Y NEGOCIACION EFICAZ | D116: 3834 | E116: VIRTUAL (TELEFORMACIÓN) | F116: ADGD036PO1 | G116: 1 | H116: Línea 1 | I116: 40
A117: =F117&"-"&E117 -> ADGD037PO1-PRESENCIAL | B117: ADGD037PO | C117: CONTABILIDAD | D117: 7965 | E117: PRESENCIAL | F117: ADGD037PO1 | G117: 1 | H117: Línea 1 | I117: 50
A118: =F118&"-"&E118 -> ADGD037PO1-VIRTUAL (TELEFORMACIÓN) | B118: ADGD037PO | C118: CONTABILIDAD | D118: 4597.5 | E118: VIRTUAL (TELEFORMACIÓN) | F118: ADGD037PO1 | G118: 1 | H118: Línea 1 | I118: 50
A119: =F119&"-"&E119 -> ADGD038PO1-PRESENCIAL | B119: ADGD038PO | C119: CONTABILIDAD DE COSTES | D119: 9549 | E119: PRESENCIAL | F119: ADGD038PO1 | G119: 1 | H119: Línea 1 | I119: 60
A120: =F120&"-"&E120 -> ADGD038PO1-VIRTUAL (TELEFORMACIÓN) | B120: ADGD038PO | C120: CONTABILIDAD DE COSTES | D120: 5508 | E120: VIRTUAL (TELEFORMACIÓN) | F120: ADGD038PO1 | G120: 1 | H120: Línea 1 | I120: 60
A121: =F121&"-"&E121 -> ADGD039PO1-PRESENCIAL | B121: ADGD039PO | C121: CONTABILIDAD FINANCIERA | D121: 15840 | E121: PRESENCIAL | F121: ADGD039PO1 | G121: 1 | H121: Línea 1 | I121: 100
A122: =F122&"-"&E122 -> ADGD039PO1-VIRTUAL (TELEFORMACIÓN) | B122: ADGD039PO | C122: CONTABILIDAD FINANCIERA | D122: 9135 | E122: VIRTUAL (TELEFORMACIÓN) | F122: ADGD039PO1 | G122: 1 | H122: Línea 1 | I122: 100
A123: =F123&"-"&E123 -> ADGD04_2-PRESENCIAL | B123: ADGD04 | C123: MEDIACIÓN EN ASUNTOS CIVILES Y MERCANTILES | D123: 24660 | E123: PRESENCIAL | F123: ADGD04_2 | G123: 2 | H123: Línea 1 | I123: 150 | J123: 3
A124: =F124&"-"&E124 -> ADGD04_2-VIRTUAL (TELEFORMACIÓN) | B124: ADGD04 | C124: MEDIACIÓN EN ASUNTOS CIVILES Y MERCANTILES | D124: 14265 | E124: VIRTUAL (TELEFORMACIÓN) | F124: ADGD04_2 | G124: 2 | H124: Línea 1 | I124: 150 | J124: 3
A125: =F125&"-"&E125 -> ADGD040PO1-PRESENCIAL | B125: ADGD040PO | C125: CONTABILIDAD PARA ASOCIACIONES Y FUNDACIONES | D125: 9549 | E125: PRESENCIAL | F125: ADGD040PO1 | G125: 1 | H125: Línea 1 | I125: 60
A126: =F126&"-"&E126 -> ADGD040PO1-VIRTUAL (TELEFORMACIÓN) | B126: ADGD040PO | C126: CONTABILIDAD PARA ASOCIACIONES Y FUNDACIONES | D126: 5508 | E126: VIRTUAL (TELEFORMACIÓN) | F126: ADGD040PO1 | G126: 1 | H126: Línea 1 | I126: 60
A127: =F127&"-"&E127 -> ADGD041PO1-PRESENCIAL | B127: ADGD041PO | C127: CONTABILIDAD SUPERIOR DE SEGUROS | D127: 6390 | E127: PRESENCIAL | F127: ADGD041PO1 | G127: 1 | H127: Línea 1 | I127: 40
A128: =F128&"-"&E128 -> ADGD041PO1-VIRTUAL (TELEFORMACIÓN) | B128: ADGD041PO | C128: CONTABILIDAD SUPERIOR DE SEGUROS | D128: 3684 | E128: VIRTUAL (TELEFORMACIÓN) | F128: ADGD041PO1 | G128: 1 | H128: Línea 1 | I128: 40
A129: =F129&"-"&E129 -> ADGD042PO1-PRESENCIAL | B129: ADGD042PO | C129: CONTABILIDAD GENERAL, CONTAPLUS Y FISCALIDAD | D129: 18972 | E129: PRESENCIAL | F129: ADGD042PO1 | G129: 1 | H129: Línea 1 | I129: 120
A130: =F130&"-"&E130 -> ADGD042PO1-VIRTUAL (TELEFORMACIÓN) | B130: ADGD042PO | C130: CONTABILIDAD GENERAL, CONTAPLUS Y FISCALIDAD | D130: 10944 | E130: VIRTUAL (TELEFORMACIÓN) | F130: ADGD042PO1 | G130: 1 | H130: Línea 1 | I130: 120
A131: =F131&"-"&E131 -> ADGD043PO1-PRESENCIAL | B131: ADGD043PO | C131: CONTABILIDAD, ADMINISTRACION Y GESTION | D131: 14256 | E131: PRESENCIAL | F131: ADGD043PO1 | G131: 1 | H131: Línea 1 | I131: 90
A132: =F132&"-"&E132 -> ADGD043PO1-VIRTUAL (TELEFORMACIÓN) | B132: ADGD043PO | C132: CONTABILIDAD, ADMINISTRACION Y GESTION | D132: 8221.5 | E132: VIRTUAL (TELEFORMACIÓN) | F132: ADGD043PO1 | G132: 1 | H132: Línea 1 | I132: 90
A133: =F133&"-"&E133 -> ADGD045PO1-PRESENCIAL | B133: ADGD045PO | C133: CONTRATACION PUBLICA PARA MUTUAS | D133: 9088.8 | E133: PRESENCIAL | F133: ADGD045PO1 | G133: 1 | H133: Línea 1 | I133: 56
A134: =F134&"-"&E134 -> ADGD045PO1-VIRTUAL (TELEFORMACIÓN) | B134: ADGD045PO | C134: CONTRATACION PUBLICA PARA MUTUAS | D134: 5241.6 | E134: VIRTUAL (TELEFORMACIÓN) | F134: ADGD045PO1 | G134: 1 | H134: Línea 1 | I134: 56
A135: =F135&"-"&E135 -> ADGD048PO1-PRESENCIAL | B135: ADGD048PO | C135: CONTROL DE LA PRODUCTIVIDAD: METODOS Y TIEMPOS EN DESPIECE DE AVES | D135: 24120 | E135: PRESENCIAL | F135: ADGD048PO1 | G135: 1 | H135: Línea 1 | I135: 150
A136: =F136&"-"&E136 -> ADGD048PO1-VIRTUAL (TELEFORMACIÓN) | B136: ADGD048PO | C136: CONTROL DE LA PRODUCTIVIDAD: METODOS Y TIEMPOS EN DESPIECE DE AVES | D136: 13905 | E136: VIRTUAL (TELEFORMACIÓN) | F136: ADGD048PO1 | G136: 1 | H136: Línea 1 | I136: 150
...
